 Dungeon Crawl Stone Soup version 0.30.1 (webtiles) character file.

Game seed: 6557891011275933711

495 Sabo the Chopper (level 6, -5/46 HPs)
             Began as a Demonspawn Gladiator on July 10, 2023.
             Slain by a black bear (7 damage)
             ... on level 5 of the Dungeon on July 11, 2023.
             The game lasted 00:21:01 (3466 turns).

Sabo the Chopper (Demonspawn Gladiator)             Turns: 3466, Time: 00:21:04

Health: -5/46      AC: 13    Str: 23    XL:     6   Next: 92%
Magic:  6/6        EV:  9    Int:  9    God:
Gold:   150        SH:  6    Dex: 14    Spells: 5/5 levels left

rFire   . . .        a - +0 war axe
rCold   . . .        (no shield)
rNeg    . . .        c - +0 chain mail
rPois   .            (helmet restricted)
rElec   .            (no cloak)
rCorr   .            (no gloves)
SInv    .            i - +0 pair of boots
Will    .....        (no amulet) Stlth
                     f - +4 ring of protection
HPRegen 0.27/turn    t - +6 ring of strength
MPRegen 0.20/turn

%: no passive effects
@: no status effects
A: horns 1, large bone plates 2, magic regeneration
a: no special abilities


You were on level 5 of the Dungeon.
You visited 1 branch of the dungeon, and saw 5 of its levels.

You collected 150 gold pieces.

Inventory:

Hand Weapons
 a - a +0 war axe (weapon)
 g - a +0 sling
 s - a +1 rapier of venom
Missiles
 d - 3 throwing nets
 e - 4 javelins (quivered)
 j - 6 boomerangs
 q - 18 poisoned darts
Armour
 c - a +0 chain mail (worn)
 i - a +0 pair of boots (worn)
Jewellery
 f - a +4 ring of protection (left hand)
 t - a +6 ring of strength (right hand)
 v - a ring of fire
 w - a +6 ring of intelligence
Wands
 B - a wand of iceblast (9)
Scrolls
 b - a scroll of butterflies {unknown}
 m - a scroll of noise {unknown}
 n - a scroll of identify {unknown}
 o - a scroll of blinking {unknown}
 p - 3 scrolls of teleportation
 r - a scroll of enchant armour {unknown}
 y - a scroll of immolation {unknown}
 C - a scroll of fear {unknown}
Potions
 h - a potion of heal wounds {unknown}
 k - 3 potions of curing
 l - a potion of resistance {unknown}
 u - 2 potions of berserk rage {unknown}
 x - a potion of ambrosia {unknown}
 z - a potion of mutation {unknown}
 A - a potion of flight {unknown}


   Skills:
 + Level 2.8 Fighting
 + Level 5.7 Axes
 + Level 2.0 Throwing
 + Level 2.0 Armour
 + Level 3.3 Dodging
 + Level 0.1 Stealth
 + Level 1.6 Shields


You had 5 spell levels left.
You didn't know any spells.
Your spell library contained the following spells:

 Spells                   Type           Power      Damage    Failure   Level
 Blink                    Tloc           0%         N/A       98%         2
 Lesser Beckoning         Tloc           0%         N/A       98%         2
 Momentum Strike          Conj/Tloc      0%         3d8       98%         2
 Poisonous Vapours        Pois/Air       0%         N/A       98%         2
 Mephitic Cloud           Conj/Pois/Air  0%         N/A       100%        3
 Freezing Cloud           Conj/Ice/Air   0%         6-21      100%        5


Dungeon Overview and Level Annotations

Branches:
Dungeon (5/15)
 Temple: D:4-7

Altars:
Hepliaklqana
Nemelex Xobeh


Innate Abilities, Weirdness & Mutations

You have a pair of small horns on your head.
You are mostly covered in large bone plates. (SH +6)
You regenerate magic rapidly.


Message History

The black bear barely misses you.
The black bear claws you but does no damage.
The ufetubus hits you but does no damage. x2
The black bear bites you.
The black bear claws you but does no damage. x2
The phantom hits you. The iguana bites you.
The gnoll hits you from afar with a +0 halberd.
The ufetubus hits you. x2
You hit the black bear but do no damage.
You headbutt the black bear, but do no damage.
The black bear is almost dead.
You slash the iguana! You barely miss the phantom. You hit the ufetubus.
The ufetubus hits you. You block the ufetubus's attack.
The black bear goes berserk!
The gnoll hits you from afar with a +0 halberd.
* * * LOW HITPOINT WARNING * * *
The iguana bites you.
* * * LOW HITPOINT WARNING * * *
The phantom hits you.
* * * LOW HITPOINT WARNING * * *
The phantom blinks!
You blink.
You slash the phantom!
The phantom is heavily damaged.
The phantom hits you but does no damage.
You miss the phantom. Your headbutt misses the phantom.
The phantom is heavily damaged.
The phantom hits you but does no damage.
You closely miss the phantom.
The phantom is heavily damaged.
The phantom hits you but does no damage.
The phantom completely misses you.
The black bear rages.
You slash the phantom!
The phantom is severely damaged.
You hit the ufetubus.
You kill the ufetubus!
The phantom hits you.
* * * LOW HITPOINT WARNING * * *
The black bear bites you!
You die...

.##..#########.....#.#...#.#
.#..## #####.#.#####.#
.#.###########.........# #.#
##.# #...........###.#.# #.#
##.###...............#.# #.#
.................#####.###.#
..†..............# #.....#
...............W.# #######
...............h@#
######.......g...#
#...........#
#######'#######
.......§.......
#...#.5)l####.. #. #..g.#
#....# ##....


You could see a black bear (berserk), a phantom and a gnoll.

Vanquished Creatures
  A phantom (D:4)
  2 scorpions (D:5)
  A hound (D:4)
  A jelly (D:4)
  An iguana (D:5)
  An orc wizard (D:4)
  A sleepcap (D:5)
  6 adders
  An ufetubus (D:5)
  A worm (D:2)
  2 dart slugs
  15 orcs
  7 ball pythons
  5 endoplasms
  2 giant cockroaches
  7 goblins
  9 hobgoblins
  3 jackals (D:4)
  5 quokkas
  9 bats
  11 kobolds
  5 rats
96 creatures vanquished.

Notes
Turn   | Place    | Note
-------+----------+-------------------------------------------
     0 | D:1      | Sabo the Demonspawn Gladiator began the quest for the Orb.
     0 | D:1      | Reached XP level 1. HP: 16/16 MP: 1/1
   216 | D:1      | Gained mutation: You regenerate magic rapidly. [demonic
                  | ancestry]
   216 | D:1      | Reached XP level 2. HP: 22/22 MP: 2/2
   403 | D:1      | Reached skill level 3 in Axes
   547 | D:1      | Found a faded altar of an unknown god.
   623 | D:2      | Gained mutation: You have a pair of small horns on your
                  | head. [demonic ancestry]
   623 | D:2      | Reached XP level 3. HP: 24/27 MP: 3/3
   913 | D:2      | Found a hazy altar of Hepliaklqana.
  1462 | D:3      | Gained mutation: You are partially covered in large bone
                  | plates. (SH +4) [demonic ancestry]
  1462 | D:3      | Reached XP level 4. HP: 33/33 MP: 4/4
  1465 | D:3      | Reached skill level 1 in Armour
  2422 | D:4      | Reached skill level 4 in Axes
  2425 | D:4      | Gained mutation: You are mostly covered in large bone
                  | plates. (SH +6) [demonic ancestry]
  2425 | D:4      | Reached XP level 5. HP: 27/39 MP: 5/5
  2651 | D:4      | Noticed a phantom
  2672 | D:4      | Killed a phantom
  2874 | D:4      | Found a sparkling altar of Nemelex Xobeh.
  2957 | D:4      | Reached skill level 5 in Axes
  2957 | D:4      | Reached XP level 6. HP: 46/46 MP: 6/6
  3078 | D:5      | Entered Level 5 of the Dungeon
  3095 | D:5      | Reached skill level 1 in Shields
  3466 | D:5      | HP: 2/46 [phantom (4)]
  3466 | D:5      | Slain by a black bear

Illustrated notes

Levels and vault maps discovered:
D:1:      dpeg_arrival_simpleton_c, layout_rooms, ebering_ecumenical_altar_hall
D:2:      layout_loops_ring, basic_altar, minmay_tiny_reverse_x
D:3:      layout_loops_ring, minmay_crystal_water, roderic_lattice_a
D:4:      layout_basic, nemelex_xobeh_ov_fountains_minmay, kennysheep_dice
D:5:      minmay_recursive_quarters, layout_basic,
          mainiacjoe_overflow_tiny_flanked, uniq_prince_ribbit1, uniq_edmund,
          uniq_grinder

Skill      XL: |  1  2  3  4  5  6 |
---------------+-------------------+-----
Throwing       | 2 |  2.0
Dodging        | 3 |  3.3
Axes           | 3 4 5 |  5.7
Armour         | 1 2 |  2.0
Shields        | 1 |  1.6
Fighting       | |  2.8
Stealth        | |  0.1

Action                     |  1- 3 |  4- 6 || total
---------------------------+-------+-------++-------
  Melee: War axe           |   121 |   157 ||   278
         Headbutt          |     7 |    27 ||    34
         Punch             |       |     2 ||     2
    Use: Scroll            |       |     2 ||     2
 Armour: Leather armour    |    35 |       ||    35
         Ring mail         |    29 |       ||    29
         Chain mail        |    12 |   131 ||   143
  Dodge: Dodged            |   110 |    93 ||   203
  Block: Other             |       |    60 ||    60
